 Dungeon Crawl Stone Soup version 0.29.1-13-g9f3cf754e1 (webtiles) character file.

Game seed: 1369646845475771406

868 sankara the Firebug (level 8, 0/57 HPs)
             Began as a Hill Orc Fire Elementalist on Feb 10, 2023.
             Slain by a gnoll bouda
             ... wielding a +0 club
              (6 damage)
             ... on level 4 of the Dungeon.
             The game lasted 00:18:04 (6187 turns).

sankara the Firebug (Hill Orc Fire Elementalist)    Turns: 6187, Time: 00:18:05

Health: 0/57       AC:  6    Str: 11    XL:     8   Next: 3%
Magic:  2/12       EV: 12    Int: 17    God:
Gold:   237        SH:  0    Dex: 11    Spells: 3/13 levels left

rFire   . . .      SeeInvis .   a - +2 dagger (venom)
rCold   . . .      Faith    .   (no shield)
rNeg    . . .      Spirit   .   e - +0 robe
rPois   .          Reflect  .   A - +0 helmet
rElec   .          Harm     .   t - +0 cloak
rCorr   .          Rampage  .   k - +0 pair of gloves
Will    .....                   q - +0 pair of boots
Stlth   ++........              (no amulet)
HPRegen 0.19/turn               (no ring)
MPRegen 0.13/turn               (no ring)

@: lethally poisoned (0 -> -2), weakened
A: no striking features
a: no special abilities


You were on level 4 of the Dungeon.
You visited 1 branch of the dungeon, and saw 6 of its levels.

You collected 237 gold pieces.

Inventory:

Hand Weapons
 a - a +2 dagger of venom (weapon)
 m - a +2 short sword of holy wrath
 u - a +0 sling
 E - a +2 vorpal hand axe
Missiles
 f - 29 poisoned darts (quivered)
Armour
 e - a +0 robe (worn)
 k - a +0 pair of gloves (worn)
 q - a +0 pair of boots (worn)
 t - a +0 cloak (worn)
 A - a +0 helmet (worn)
Magical Staves
 b - a staff of conjuration
Jewellery
 y - a +6 ring of strength
Wands
 o - a wand of flame (9)
 z - a wand of roots (8)
Scrolls
 d - 2 scrolls of magic mapping {unknown}
 h - 4 scrolls of identify {unknown}
 l - 2 scrolls of poison {unknown}
 n - a scroll of enchant armour {unknown}
 p - a scroll of torment {unknown}
 w - a scroll of immolation {unknown}
 x - a scroll of blinking
 D - a scroll of enchant weapon {unknown}
Potions
 c - 5 potions of curing {unknown}
 g - a potion of heal wounds {unknown}
 i - 2 potions of haste {unknown}
 j - a potion of might
 r - 2 potions of degeneration {unknown}
 s - a potion of magic
 v - a potion of ambrosia {unknown}
 B - a potion of resistance {unknown}
 C - a potion of attraction {unknown}


   Skills:
 + Level 3.0 Dodging
 - Level 3.0 Stealth
 + Level 3.0 Spellcasting
 * Level 4.7 Conjurations
 * Level 6.1 Fire Magic
 + Level 0.9 Evocations


You had 3 spell levels left.
You knew the following spells:

 Your Spells              Type           Power      Damage    Failure   Level
a - Foxfire               Conj/Fire      84%        2x1d8     1%          1
b - Scorch                Fire           46%        2d7       2%          2
c - Conjure Flame         Conj/Fire      21%        6-21      5%          3
d - Flame Wave            Conj/Fire      21%        2d8       19%         4

Your spell library contained the following spells:

 Spells                   Type           Power      Damage    Failure   Level
 Shock                    Conj/Air       40%        1d5       7%          1
 Inner Flame              Hex/Fire       13%        N/A       16%         3
 Freeze                   Ice            8%         1d3       17%         1
 Frozen Ramparts          Ice            4%         1d1       45%         3
 Swiftness                Air            2%         N/A       45%         3
 Tukima's Dance           Hex            2%         N/A       45%         3
 Vampiric Draining        Necr           2%         2d6       45%         3
 Hailstorm                Conj/Ice       10%        3d5       54%         4
 Airstrike                Air            1%         2d(1-17)  86%         4
 Corpse Rot               Necr/Pois/Air  2%         N/A       86%         4
 Passage of Golubria      Tloc           2%         N/A       86%         4
 Yara's Violent Unravell  Hex/Tmut       1%         3d3       99%         5
 Death's Door             Necr           1%         N/A       100%        9


Dungeon Overview and Level Annotations

Branches:
Dungeon (6/15)
 Temple: D:4-7

Altars:
Dithmenos

Shops:
D:4 :[

Portals:
Abyss: D:3

Annotations:
D:2 Sigmund
D:3 2 transporters, NimIero's ghost, amateur MiMo


Message History

The gnoll bouda misses you. The iguana closely misses you.
The killer bee stings you.
You are poisoned.
The killer bee poisons you!
You barely miss the killer bee.
The killer bee is almost dead.
You feel very sick.
You kill the killer bee!
The iguana bites you.
The gnoll bouda gazes fiercely through you!
You feel as though you will be weak longer.
The gnoll bouda hits you with a +0 club.
Your magical contamination has completely faded away.
Your Dodging skill increases to level 3!
You have reached level 8!
You hit the iguana but do no damage.
The iguana is poisoned.
The iguana is severely wounded.
You feel sick. The iguana bites you.
* * * LOW HITPOINT WARNING * * *
The gnoll bouda mumbles some strange prayers to its god.
The gnoll bouda is healed somewhat.
Unknown command.
You feel sick. The iguana bites you.
* * * LOW HITPOINT WARNING * * *
Unknown command.
You feel sick.
You hit the iguana but do no damage.
The iguana looks as sick as possible!
The iguana is severely wounded.
You feel sick.
You kill the iguana!
The gnoll bouda gazes fiercely through you!
You feel as though you will be weak longer.
Your Spellcasting skill increases to level 3!
You hit the gnoll bouda but do no damage.
The gnoll bouda is severely wounded.
You feel sick.
The gnoll bouda looks more healthy.
The gnoll bouda gazes fiercely through you!
You feel as though you will be weak longer.
The gnoll bouda hits you with a +0 club.
You die...

...........##.#
...........##.#
#........##.########
###.##.###............
..#.##.# ###...#.#####
#.#.##.# #......###
....##.# #........#
... .#..##.#
#......#.# #.#
.......# #....#@#>#
#.# ###.####
######.g.# #.# ..[.#
###.# #.# ###.#
#.##########.# #.#
#.........##.# .#
###.#######.##.#
#..............#
###.########...##
#.#######.###.##


You could see a gnoll bouda.

Vanquished Creatures
  A sky beast (D:6)
  An ice beast (D:6)
  An ogre (D:6)
  A kobold brigand (D:6)
  A scorpion (D:6)
  3 killer bees
  A howler monkey (D:6)
  A hound (D:4)
  Terence (D:2)
  2 iguanas
  An orc wizard (D:5)
  Robin (D:4)
  2 gnolls (D:5)
  4 adders
  3 dart slugs
  5 orcs
  10 endoplasms
  2 giant cockroaches
  15 goblins
  9 hobgoblins
  2 jackals (D:1)
  11 kobolds
  4 quokkas
  4 bats
  5 frilled lizards
  7 rats
98 creatures vanquished.

Vanquished Creatures (others)
  201 foxfires
201 creatures vanquished.

Grand Total: 299 creatures vanquished

Notes
Turn   | Place    | Note
-------+----------+-------------------------------------------
     0 | D:1      | sankara the Hill Orc Fire Elementalist began the quest for
                  | the Orb.
     0 | D:1      | Reached XP level 1. HP: 14/14 MP: 3/3
   338 | D:1      | Reached XP level 2. HP: 9/20 MP: 0/4
   562 | D:1      | Learned a level 2 spell: Scorch
  1394 | D:1      | Reached XP level 3. HP: 26/26 MP: 3/5
  1901 | D:2      | Noticed Terence
  1925 | D:2      | Killed Terence
  1926 | D:2      | Reached skill level 4 in Fire Magic
  1926 | D:2      | Reached XP level 4. HP: 7/33 MP: 1/6
  2258 | D:2      | Noticed Sigmund
  3191 | D:2      | Learned a level 3 spell: Conjure Flame
  3396 | D:3      | Found a transporter.
  3412 | D:3      | Found a transporter.
  3639 | D:3      | Found a one-way gate to the infinite horrors of the Abyss.
  3639 | D:3      | Noticed NimIero's ghost (amateur MiMo)
  4110 | D:3      | Reached XP level 5. HP: 38/38 MP: 8/8
  4718 | D:4      | Noticed Robin
  4770 | D:4      | Killed Robin
  5046 | D:4      | Found Hamyfido's Antique Armour Emporium.
  5061 | D:4      | Found Qahopat's Book Shop.
  5179 | D:4      | You fall into a shaft and drop 2 floors!
  5179 | D:6      | Found a shadowy altar of Dithmenos.
  5191 | D:6      | Noticed a sky beast
  5210 | D:6      | Killed a sky beast
  5211 | D:6      | Reached XP level 6. HP: 45/45 MP: 0/9
  5607 | D:6      | Reached skill level 5 in Fire Magic
  5679 | D:6      | Reached XP level 7. HP: 50/50 MP: 2/10
  5824 | D:6      | Got Ereshkigal's Disquisition on Necromancy
  5854 | D:5      | Entered Level 5 of the Dungeon
  6171 | D:4      | Learned a level 4 spell: Flame Wave
  6177 | D:5      | Reached skill level 6 in Fire Magic
  6183 | D:4      | Reached XP level 8. HP: 19/57 MP: 2/12
  6187 | D:4      | Slain by a gnoll bouda

Illustrated notes

Levels and vault maps discovered:
D:1:      kilobyte_arrival_exit_the_forest, layout_basic,
          nicolae_figureground_pulse
D:2:      layout_basic, uniq_terence, uniq_sigmund
D:3:      layout_loops_ring, gammafunk_ghost_abyssal_escape,
          kennysheep_generic_room_16
D:4:      layout_loops_ring, serial_shops,
          nicolae_shop_competitors_out_of_business, shop,
          minmay_misc_feat_pillars, kennysheep_pointless_box,
          chequers_serial_rivers_micro_a, uniq_robin
D:5:      layout_cave_pools, mainiacjoe_overflow_paths,
          grunt_temple_overflow_opulence
D:6:      layout_loops_ring, nicolae_dithmenos_through_a_glass_darkly,
          uniq_grinder

Skill      XL: |  1  2  3  4  5  6  7  8 |
---------------+-------------------------+-----
Conjurations   | 2 3 4 |  4.7
Fire Magic     | 4 5 6 |  6.1
Stealth        | 2 3 |  3.0
Dodging        | 2 3 |  3.0
Spellcasting   | 2 3 |  3.0
Evocations     | |  0.9

Action                   |  1- 3 |  4- 6 |  7- 9 || total
-------------------------+-------+-------+-------++-------
Melee: Unarmed           |     4 |       |       ||     4
       Dagger            |    17 |   103 |    15 ||   135
       Punch             |       |     2 |       ||     2
Throw: Dart              |       |     6 |       ||     6
 Cast: Foxfire           |    40 |    57 |    19 ||   116
       Conjure Flame     |       |     3 |       ||     3
       Flame Wave        |       |       |     1 ||     1
Evoke: Wand              |       |     1 |       ||     1
  Use: Scroll            |       |       |     1 ||     1
 Stab: Sleeping          |       |     4 |       ||     4
Armor: Robe              |     6 |    26 |    12 ||    44
Dodge: Dodged            |    16 |    76 |    26 ||   118
